 Dungeon Crawl Stone Soup version 0.15.2 (webtiles) character file.

131 MisterOstroum the Insei (level 4, -1/37 HPs)
             Began as a Mummy Monk on Jan 27, 2020.
             Slain by a worker ant (4 damage)
             ... on Level 2 of the Dungeon on Jan 29, 2020.
             The game lasted 00:14:00 (7101 turns).

MisterOstroum the Insei (Mummy Monk)                Turns: 7101, Time: 00:14:00

HP  -1/37        AC  0     Str 14      XL: 4   Next: 91%
MP   4/4         EV 13     Int  9      God:
Gold 104         SH  0     Dex 15      Spells:  0 memorised,  3 levels left

rFire  . . .     SeeInvis .       - Unarmed
rCold  . . .     Clarity  .     (no armour)
rNeg   + + +     rCorr    .     (no shield)
rPois  +         rRot     +     (no helmet)
rElec  .         Spirit   .     (no cloak)
SustAb .         Warding  .     (no gloves)
rMut   .         Stasis   .     (no boots)
Gourm  .                        (no amulet)
MR     .....                    (no ring)
                                g - ring of fire

@: not resistant to hostile enchantments, unstealthy
A: no food or potions, fire vulnerability, restore body, cold resistance 1,
negative energy resistance 3, poison resistance, torment resistance, unbreathing
a: no special abilities


You were on level 2 of the Dungeon.
You were not hungry.

You visited 1 branch of the dungeon, and saw 3 of its levels.

You collected 104 gold pieces.

Inventory:

Hand weapons
 b - a +0 club
 c - a +0 dagger
 m - a +0 club
Missiles
 j - 20 arrows
 p - 9 poisoned needles
Armour
 a - a +0 robe
Scrolls
 d - 3 scrolls of remove curse {!r}
 f - 2 scrolls of amnesia {!r, unknown}
 k - a scroll of enchant armour {!r, unknown}
 l - a scroll of remove curse {!r@r2}
 n - a scroll of noise {!r, unknown}
 o - a scroll of magic mapping {!r, unknown}
 q - 2 scrolls of enchant weapon {!r, unknown}
 s - a scroll of identify {!r, unknown}
 v - a scroll of random uselessness {!r, unknown}
 A - a scroll of immolation {!r, unknown}
Jewellery
 g - a ring of fire (left hand)
 h - an uncursed ring of ice
 i - an uncursed ring of teleportation
 r - an uncursed ring of see invisible
Potions
 e - a potion of heal wounds {unknown}


   Skills:
 + Level 4.1 Fighting
 + Level 2.4 Dodging
 - Level 1.5 Stealth
 * Level 4.6 Unarmed Combat


You had 3 spell levels left.
You didn't know any spells.

Dungeon Overview and Level Annotations

Branches:
Dungeon (3/15)

Altars:
Ashenzari
Qazlal
Sif Muna

Annotations:
D:3 Terence


Innate Abilities, Weirdness & Mutations

You do not eat or drink.
Your flesh is vulnerable to fire.
Your flesh is cold resistant.
You are immune to negative energy.
Your system is resistant to poisons.
You are immune to unholy pain and torment.
You can survive without breathing.


Message History

The worm is severely wounded.
The worm bites you!
You hit the worm but do no damage.
The worm is severely wounded.
You see here a bat corpse.
Unknown command.
You punch the worm!
The worm is almost dead.
The worm bites you.
* * * LOW HITPOINT WARNING * * *
There is an open door here.
You hit the worm but do no damage.
The worm is almost dead.
You hit the worm.
You kill the worm!
There is an open door here.
There is an open door here.
Found a club.
There is an open door here.
Found a stone staircase leading up.
There is an open door here.
Found a stone staircase leading up.
There is a stone staircase leading up here.
There is a stone staircase leading up here.
Found a stone staircase leading down.
A worker ant comes into view.
The worker ant is too close now for your liking.
A worker ant is nearby!
A worker ant is nearby!
Unknown command.
Unknown command.
Found a stone staircase leading up.
Unknown command.
There is an open door here.
You closely miss the worker ant. The worker ant bites you.
You hit the worker ant but do no damage.
The worker ant barely misses you.
You barely miss the worker ant. The worker ant bites you!
You are too injured to fight recklessly!
You are too injured to fight recklessly!
You are too injured to fight recklessly!
You are too injured to fight recklessly!
You are too injured to fight recklessly!
You are too injured to fight recklessly!
You are too injured to fight recklessly!
You are too injured to fight recklessly!
You are too injured to fight recklessly!
You are too injured to fight recklessly!
You are too injured to fight recklessly!
You are too injured to fight recklessly!
You are too injured to fight recklessly!
You are too injured to fight recklessly!
You are too injured to fight recklessly!
You are too injured to fight recklessly!
You are too injured to fight recklessly!
You are too injured to fight recklessly!
You are too injured to fight recklessly!
You are too injured to fight recklessly!
You are too injured to fight recklessly!
You are too injured to fight recklessly!
You are too injured to fight recklessly!
You are too injured to fight recklessly!
You are too injured to fight recklessly!
You are too injured to fight recklessly!
You are too injured to fight recklessly!
You barely miss the worker ant. The worker ant closely misses you.
You closely miss the worker ant. The worker ant bites you.
You hit the worker ant.
The worker ant is moderately wounded.
The worker ant bites you.
You hit the worker ant.
The worker ant is heavily wounded.
The worker ant barely misses you.
You closely miss the worker ant.
The worker ant is heavily wounded.
The worker ant bites you.
You closely miss the worker ant.
The worker ant is heavily wounded.
The worker ant closely misses you.
You barely miss the worker ant.
The worker ant is heavily wounded.
The worker ant bites you.
* * * LOW HITPOINT WARNING * * *
You hit the worker ant.
The worker ant is almost dead.
The worker ant barely misses you. The worker ant misses you.
You closely miss the worker ant.
The worker ant is almost dead.
The worker ant misses you.
You hit the worker ant but do no damage.
The worker ant is almost dead.
The worker ant bites you.
* * * LOW HITPOINT WARNING * * *
You hit the worker ant.
The worker ant is almost dead.
The worker ant barely misses you.
You hit the worker ant.
The worker ant is almost dead.
The worker ant bites you.
You die...

,,,,,,,,,,,,,,,,,,,,,......#
***,,******,******,***.....*
***,,******.******,* *,...,*
,**,,,,,,,...,,,,%,* **#.#**
*,**,,,,,....#****** #.#
*********.....#* ####.#
,,*** **,......#* ##....#
,,,,***,........####...###
,,,,,,',........@a......#
*,,,***,........####...##
*,*,* **,.<....#* ##.##
***,* **.....#* #.# * *,*
*#...#* #.# ***,* *#'#*
##.## ,,,,* #.# #...# *****
#.# #..## * ##.## #.##


You could see a worker ant.

Vanquished Creatures
  Jessica (D:2)
  2 adders
  6 worms
  An ooze (D:2)
  3 giant cockroaches (D:1)
  9 goblins
  7 hobgoblins
  A ball python (D:1)
  10 bats
  3 giant newts
  11 kobolds
  6 rats
60 creatures vanquished.

Notes
Turn   | Place    | Note
--------------------------------------------------------------
     0 | D:1      | MisterOstroum, the Mummy Monk, began the quest for the Orb.
     0 | D:1      | Reached XP level 1. HP: 18/18 MP: 1/1
   156 | D:1      | Found a shattered altar of Ashenzari.
   717 | D:1      | Reached XP level 2. HP: 14/24 MP: 2/2
  1219 | D:2      | Found a deep blue altar of Sif Muna.
  1918 | D:2      | Found a stormy altar of Qazlal.
  2159 | D:1      | Found a shattered altar of Ashenzari.
  2689 | D:1      | Reached XP level 3. HP: 29/29 MP: 3/3
  3113 | D:1      | Found a shattered altar of Ashenzari.
  3974 | D:2      | Reached skill level 4 in Unarmed Combat
  4249 | D:2      | Noticed Jessica
  4258 | D:2      | Killed Jessica
  4258 | D:2      | Reached XP level 4. HP: 35/37 MP: 4/4
  5622 | D:3      | Noticed Terence
  7101 | D:2      | Slain by a worker ant

Action                   |  1- 3 |  4- 6 || total
-------------------------+-------+-------++-------
Melee: Unarmed           |   147 |   146 ||   293
  Use: Scroll            |       |     1 ||     1
 Stab: Sleeping          |     3 |       ||     3
       Distracted        |       |     2 ||     2
